AoeStats
← AMANSIZ TAYYAR

Arena

504668594Analyzed
1v1 RM · 27d ago on Sep 6, 2026· 52m 37s· 2 players
Game mode
Random Map
Map size
Tiny (2 player)
Population
200
Speed
Normal
Resources
Standard
Victory
Conquest
Starting age
Dark Age
Ending age
Imperial Age
RankedLock teamsTeams togetherTeam positionsShared explorationLock speedFull tech treeHidden civsTurbo modeCheats
Victory
Defeat
🇹🇷 Turks · Türkiye
978
+17
🇺🇸 Burgundians · United States
1000
-51
AMANSIZ TAYYAR
10:59 Feudal Age
13:15 Double-Bit Axe
15:55 Castle Age
15:01 Gold Mining
17:52 Horse Collar
20:07 Gold Shaft Mining
23:10 Imperial Age
21:21 Bow Saw
21:23 Heavy Plow
27:14 Two-Man Saw
27:54 Padded Archer Armor
28:43 Town Watch
30:32 Husbandry
32:49 Stone Mining
33:37 Wheelbarrow
33:26 Heavy Camel Rider
38:11 Scale Barding Armor
38:17 Forging
38:22 Leather Archer Armor
40:46 Hand Cart
40:37 Town Patrol
41:11 Chain Barding Armor
41:11 Bloodlines
45:22 Loom
46:38 Plate Barding Armor
46:39 Iron Casting
46:34 Ring Archer Armor
45:55 Fletching
46:09 Scale Mail Armor
46:49 Artillery
Misha_Dyson
11:02 Feudal Age
9:48 Double-Bit Axe
13:22 Wheelbarrow
12:48 Loom
16:16 Castle Age
15:25 Horse Collar
15:39 Gold Mining
16:52 Cavalier
22:54 Wheelbarrow
23:27 Forging
26:32 Hand Cart
29:29 Scale Barding Armor
29:36 Stone Mining
30:28 Bow Saw
32:52 Gold Shaft Mining
31:53 Elite Skirmisher
32:32 Fletching
32:43 Padded Archer Armor
33:06 Town Watch
33:35 Heavy Plow
35:37 Stone Shaft Mining
38:25 Two-Man Saw
37:58 Crop Rotation
37:49 Leather Archer Armor
40:38 Ballistics
40:18 Bodkin Arrow
40:42 Burgundian Vineyards
40:13 Crossbowman
42:23 Town Patrol
43:39 Iron Casting
43:25 Chain Barding Armor
43:05 Scale Mail Armor
43:02 Pikeman
43:42 Squires
44:42 Murder Holes
45:01 Guard Tower
45:44 Husbandry
49:52 Imperial Age
48:47 Chain Mail Armor
Connection lost

Rejoining the realm…

Still unreachable

The connection could not be restored.

Session expired

The server has moved on; the page needs a fresh start.